 Dungeon Crawl Stone Soup version 0.16.2-12-gd0ad4c3 (webtiles) character file.

172 RepoMan the Grasshopper (level 5, -1/26 HPs)
             Began as a Vine Stalker Warper on Oct 3, 2015.
             Slain by Blork the orc
             ... wielding a +3 flail of crushing
              (5 damage)
             ... on level 5 of the Dungeon.
             The game lasted 00:23:54 (3330 turns).

RepoMan the Grasshopper (Vine Stalker Warper)       Turns: 3330, Time: 00:23:54

Health: -1/26      AC:  3    Str: 13    XL:     5   Next: 52%
Magic:  0/11       EV: 12    Int: 14    God:
Gold:   138        SH:  0    Dex: 14    Spells: 4 memorised, 1 level left

rFire  . . .     SeeInvis .     a - +0 falchion
rCold  . . .     Clarity  .     b - +0 leather armour
rNeg   . . .     SustAb   .     (no shield)
rPois  .         Gourm    .     (no helmet)
rElec  .         Spirit   +     (no cloak)
rCorr  .         Warding  .     (no gloves)
rMut   .         Stasis   .     (no boots)
MR     .....                    (no amulet)
Stlth  +.........               (no ring)
                                (no ring)

@: very slightly contaminated, not resistant to hostile enchantments, very
unstealthy
A: fangs 2, regeneration 1, magic shield, antimagic bite, no device heal 3, rot
immunity
a: no special abilities


You were on level 5 of the Dungeon.
You were not hungry.

You visited 1 branch of the dungeon, and saw 5 of its levels.

You collected 138 gold pieces.

Inventory:

Hand weapons
 a - a +0 falchion (weapon)
Missiles
 d - 16 poisoned needles
 e - 3 tomahawks of dispersal (quivered)
 i - 41 bolts
Armour
 b - a +0 leather armour (worn)
Scrolls
 g - 2 scrolls of recharging {unknown}
 h - 5 scrolls of teleportation {unknown}
 j - a scroll of magic mapping {unknown}
 k - 2 scrolls of identify {unknown}
 o - a scroll of random uselessness {unknown}
Potions
 m - a potion of flight {unknown}
Books
 c - a book of Spatial Translocations

   Spells                             Type                      Level
   a - Apportation                    Translocation                1
   b - Blink                          Translocation                2
   c - Shroud of Golubria             Charms/Translocation         2
   d - Portal Projectile              Translocation                3
   e - Teleport Other                 Translocation                3
   f - Passage of Golubria            Translocation                4
Comestibles
 f - a bread ration
 l - 2 meat rations
 n - a chunk of flesh


   Skills:
 - Level 1.7 Fighting
 + Level 2.4 Long Blades
 - Level 0.8 Throwing
 + Level 1.7 Armour
 + Level 2.5 Dodging
 + Level 2.5 Spellcasting
 - Level 0.6 Charms
 * Level 4.2 Translocations


You had one spell level left.
You knew the following spells:

 Your Spells              Type           Power        Failure   Level  Hunger
a - Apportation           Tloc           ##........   8%          1    #......
b - Blink                 Tloc           N/A          10%         2    ###....
c - Shroud of Golubria    Chrm/Tloc      #.........   17%         2    ###....
o - Teleport Other        Tloc           ##......     17%         3    ###....


Dungeon Overview and Level Annotations

Branches:
Dungeon (5/15)
 Temple: D:4-7

Altars:

Annotations:
D:3 Peloso's ghost, average MiFi
D:4 Peloso's ghost, average MiFi; Pikel
D:5 Blork the orc


Innate Abilities, Weirdness & Mutations

You have extremely sharp teeth.
Your natural rate of healing is unusually fast.
When hurt, damage is shared between your health and your magic reserves.
Your bite disrupts and absorbs the magic of your enemies.
Potions and wands cannot restore your health.
You are immune to rotting.


Message History

Aim: Blork the orc, wielding a flail of crushing and wearing a robe (fast)
You throw a tomahawk of dispersal.
The tomahawk of dispersal hits Blork the orc but does no damage.
Blork the orc gestures at you while chanting.
The magic dart hits you!
* * * LOW HITPOINT WARNING * * *
The rat bites you but does no damage.
Read which item? (? for menu, Esc to quit)
Okay, then.
Drink which item? (? for menu, Esc to quit)
Okay, then.
Throwing (i - inventory):
e - 4 tomahawks of dispersal (quivered)
Press: ? - help, Shift-Dir - straight line, f/p - Blork the orc
Aim: Blork the orc, wielding a flail of crushing and wearing a robe (fast)
You throw a tomahawk of dispersal.
The tomahawk of dispersal closely misses Blork the orc.
Blork the orc closely misses you. The rat bites you.
* * * LOW HITPOINT WARNING * * *
Blork the orc hits you with a flail of crushing.
You die...

#.## ....[ #. ..#
#....# ##. #.# #...
...# #.#####.#
#..####.......#
#..##..#.....#
#....###....##
#####...## #...o.#
........# ..#.r@#
#.....#.# ..####..#
###...#....# #....
###...#...## ......#
#....###.....
.......#
.............
.........
.............
........
.....................
............. ...


You could see Blork the orc and a rat.

Vanquished Creatures
  A centaur skeleton (D:4)
  4 adders
  2 gnolls (D:3)
  2 worms
  A giant gecko (D:1)
  An ooze (D:2)
  4 orcs
  2 ball pythons (D:1)
  10 bats
  2 giant cockroaches (D:1)
  8 goblins
  12 hobgoblins
  6 jackals
  A giant gecko zombie (D:4)
  A giant newt (D:1)
  9 kobolds
  7 rats
73 creatures vanquished.

Notes
Turn   | Place    | Note
--------------------------------------------------------------
     0 | D:1      | RepoMan, the Vine Stalker Warper, began the quest for the Orb.
     0 | D:1      | Reached XP level 1. HP: 11/11 MP: 3/3
   119 | D:1      | Reached XP level 2. HP: 8/15 MP: 3/5
   135 | D:1      | Learned a level 2 spell: Blink
   138 | D:1      | Learned a level 2 spell: Shroud of Golubria
   521 | D:1      | Reached XP level 3. HP: 16/18 MP: 7/7
  1074 | D:1      | Reached skill level 1 in Armour
  1677 | D:2      | Reached XP level 4. HP: 17/23 MP: 6/9
  2132 | D:3      | HP: 1/23 [gnoll/halberd (10)]
  2359 | D:3      | Noticed Peloso's ghost (average MiFi)
  2368 | D:2      | Reached skill level 4 in Translocations
  2681 | D:3      | Reached XP level 5. HP: 26/26 MP: 11/11
  2686 | D:3      | Learned a level 3 spell: Teleport Other
  2871 | D:4      | Noticed Peloso's ghost (average MiFi)
  2941 | D:3      | HP: 1/26 [Peloso's ghost (11)]
  2958 | D:4      | Noticed Pikel
  2958 | D:4      | Noticed a slave
  2958 | D:4      | Noticed a slave
  2959 | D:4      | Noticed a slave
  2959 | D:4      | Noticed a slave
  2966 | D:5      | Entered Level 5 of the Dungeon
  3322 | D:5      | Noticed Blork the orc
  3330 | D:5      | Slain by Blork the orc

Action                   |  1- 3 |  4- 6 || total
-------------------------+-------+-------++-------
Melee: Falchion          |   128 |   119 ||   247
Throw: Tomahawk          |       |     2 ||     2
 Cast: Shroud of Golubri |     3 |    12 ||    15
       Blink             |       |     2 ||     2
       Apportation       |       |     1 ||     1
  Use: Scroll            |       |     2 ||     2
       Potion            |       |     1 ||     1
 Stab: Sleeping          |     1 |       ||     1
  Eat: Chunk             |     3 |     3 ||     6
       Bread ration      |       |     1 ||     1
